 Dungeon Crawl Stone Soup version 0.30-a0-1164-ge08a67761e (webtiles) character file.

Game seed: 10423887574478086687

150 Sabo the Conjurer (level 5, -1/32 HPs)
             Began as an Octopode Conjurer on Apr 29, 2023.
             Was a Believer of Vehumet.
             Slain by a river rat (5 damage)
             ... in a sewer.
             The game lasted 00:18:47 (2795 turns).

Sabo the Conjurer (Octopode Conjurer)               Turns: 2795, Time: 00:18:47

Health: -1/32      AC:  5    Str:  6    XL:     5   Next: 32%
Magic:  5/9        EV: 13    Int: 21    God:    Vehumet [**....]
Gold:   79         SH:  0    Dex: 12    Spells: 7/9 levels left

rFire   . . .        q - +0 quarterstaff
rCold   . . .        (shield currently unavailable)
rNeg    . . .        (helmet restricted)
rPois   .            (no amulet)
rElec   .            n - +4 ring of protection
rCorr   .            (no ring)
SInv    .            (no ring)
Will    .....        (no ring)
Stlth   ++++         (no ring)
HPRegen 0.25/turn    (no ring)
MPRegen 0.11/turn    (no ring)
                     (no ring)

%: no passive effects
@: no status effects
A: almost no armour, amphibious, 8 rings, camouflage 1, gelatinous body 1,
nimble swimmer 1, tentacles
a: Renounce Religion


You were in a sewer.
You worshipped Vehumet.
Vehumet was pleased with you.
You visited 1 branch of the dungeon, and saw 3 of its levels.
You also visited: Sewer.

You collected 79 gold pieces.

Inventory:

Hand Weapons
 g - a +0 sling
 q - a +0 quarterstaff (weapon)
Missiles
 u - 6 poisoned darts
Magical Staves
 i - a staff of death
 k - a staff of cold
Jewellery
 n - a +4 ring of protection (left tentacle)
Scrolls
 h - a scroll of poison
 o - a scroll of brand weapon
 p - a scroll of enchant armour
 s - a scroll of noise {unknown}
 t - a scroll of amnesia {unknown}
Potions
 a - a potion of magic
 b - 2 potions of invisibility {unknown}
 e - a potion of cancellation {unknown}
 f - a potion of might {unknown}
 j - a potion of heal wounds {unknown}
 m - a potion of resistance {unknown}
 r - a potion of mutation {unknown}


   Skills:
 + Level 0.3 Fighting
 + Level 1.4 Polearms
 + Level 1.3 Ranged Weapons
 + Level 2.2 Dodging
 + Level 2.8 Stealth
 + Level 2.9 Spellcasting
 + Level 5.2 Conjurations


You had 7 spell levels left.
You knew the following spells:

 Your Spells              Type           Power      Damage    Failure   Level
a - Magic Dart            Conj           96%        1d7       1%          1
b - Shock                 Conj/Air       52%        1d6       4%          1

Your spell library contained the following spells:

 Spells                   Type           Power      Damage    Failure   Level
 Sandblast                Erth           6%         2d5       14%         1
 Searing Ray              Conj           48%        2d6       2%          2
 Dazzling Flash           Conj/Hex       26%        N/A       14%         3
 Fulminant Prism          Conj/Hex       6%         3d7       43%         4
 Iskenderun's Mystic Bla  Conj/Tloc      13%        2d5       43%         4
 Summon Forest            Summ/Tloc      1%         N/A       98%         5
 Eringya's Noxious Bog    Tmut/Pois      1%         N/A       100%        6
 Summon Hydra             Summ           1%         N/A       100%        7


Dungeon Overview and Level Annotations

Branches:
Dungeon (3/15)              Sewer (1/1)

Altars:
Vehumet


Innate Abilities, Weirdness & Mutations

You cannot wear most types of armour.
You are amphibious.
You can wear up to eight rings at the same time.
Your skin changes colour to match your surroundings (Stealth+).
Your rubbery body absorbs attacks. (AC +1, EV +1)
You are camouflaged when in or above water. (Stealth+)
You have tentacles for arms and can constrict up to eight enemies at once.


Message History

The river rat is heavily wounded.
A river rat comes into view.
Casting: Magic Dart (safe; 1% risk of failure)
Confirm with . or Enter, or press ? or * to list all spells.
Aiming: Magic Dart (safe; 1% risk of failure)
Press: ? - help, Shift-Dir - straight line, f/p - river rat
Aim: a river rat (heavily wounded, 100% to hit)
The magic dart hits the river rat but does no damage.
The river rat is heavily wounded.
Casting: Magic Dart (safe; 1% risk of failure)
Confirm with . or Enter, or press ? or * to list all spells.
Aiming: Magic Dart (safe; 1% risk of failure)
Press: ? - help, Shift-Dir - straight line, f/p - river rat
Aim: a river rat (heavily wounded, 100% to hit)
The magic dart hits the river rat but does no damage.
The river rat is heavily wounded.
A river rat comes into view.
The river rat bites you. The river rat attacks as you move away!
The river rat barely misses you. The river rat bites you!
You hit the river rat but do no damage. Your grab misses the river rat.
The river rat bites you. The river rat barely misses you.
The river rat misses you. The river rat barely misses you.
You barely miss the river rat. Your grab misses the river rat.
Your squeeze misses the river rat. The river rat bites you.
The river rat completely misses you.
You closely miss the river rat. Your grab misses the river rat.
Your squeeze misses the river rat. The river rat closely misses you.
The river rat bites you but does no damage.
A ball python comes into view.
You closely miss the river rat.
The ball python hisses angrily.
Your grab misses the river rat. The river rat misses you.
The river rat closely misses you.
You barely miss the river rat. Your grab misses the river rat.
Your squeeze misses the river rat. The river rat misses you.
The river rat bites you!
* * * LOW HITPOINT WARNING * * *
The river rat bites you.
You die...

#~~~~~~#
#~≈~~≈≈#
#≈≈~~~≈#
#≈≈≈~≈≈#
#≈≈~~≈≈#
#≈≈~≈~≈#
#≈≈r~≈≈#
#≈†~≈≈≈#
#~≈~≈≈≈#
#≈≈~≈≈≈#
#≈~≈~≈≈#
#≈~~≈~≈#
#~~~≈S≈#
#≈≈≈~≈≈#
#~≈~rr≈#
#≈≈≈~.≈#
#.≈≈≈@≈#
#÷≈≈~~≈#
#~≈≈≈≈≈#
#≈.~≈~≈#
#≈~≈≈≈≈#
#≈~~~≈≈#
#~~#~≈≈#
#≈≈~≈≈≈#
#~≈~≈≈≈#
#≈≈÷≈≈≈#
#≈~~~~≈#
#≈≈~~≈≈#
#≈≈≈~~≈#
#≈~÷≈≈≈#
##~.~~##
#...~~.#
#......##
##......#


You could see 3 river rats and a ball python.

Vanquished Creatures
  4 adders (D:2)
  4 river rats (Sewer)
  A worm (D:3)
  3 dart slugs
  2 endoplasms
  3 giant cockroaches
  8 goblins
  4 hobgoblins
  5 jackals
  4 kobolds
  3 quokkas
  8 ball pythons
  A bat (D:3)
  A frilled lizard (Sewer)
  23 rats
74 creatures vanquished.

Notes
Turn   | Place    | Note
-------+----------+-------------------------------------------
     0 | D:1      | Sabo the Octopode Conjurer began the quest for the Orb.
     0 | D:1      | Reached XP level 1. HP: 11/11 MP: 3/3
   163 | D:1      | Reached XP level 2. HP: 17/17 MP: 3/5
   368 | D:1      | Reached skill level 1 in Polearms
   581 | D:1      | Found a faded altar of an unknown god.
   626 | D:1      | Prayed at the altar of an unknown god.
   626 | D:1      | Became a worshipper of Vehumet
   626 | D:1      | Reached * piety under Vehumet
   626 | D:1      | Offered knowledge of Shock by Vehumet.
  1146 | D:1      | Reached XP level 3. HP: 13/21 MP: 3/6
  1639 | D:2      | Reached XP level 4. HP: 27/27 MP: 3/7
  1794 | D:2      | Reached skill level 1 in Ranged Weapons
  2182 | D:2      | Learned a level 1 spell: Shock
  2283 | D:3      | Found a glowing drain.
  2358 | Sewer    | Entered a sewer
  2403 | Sewer    | Reached skill level 5 in Conjurations
  2544 | Sewer    | Reached ** piety under Vehumet
  2544 | Sewer    | Offered knowledge of Sandblast by Vehumet.
  2545 | Sewer    | Reached XP level 5. HP: 15/31 MP: 1/9
  2795 | Sewer    | Slain by a river rat

Illustrated notes

Levels and vault maps discovered:
D:1:      psy_arrival_spokes, layout_basic, ebering_ecumenical_altar_mist
D:2:      layout_basic
D:3:      layout_basic, cheibrodos_sewer_entry_sluice, supply_closet_lemuel
Sewer:    sewer_minmay_w

Skill      XL: |  1  2  3  4 |
---------------+-------------+-----
Polearms       | 1 |  1.4
Ranged Weapons | 1 |  1.3
Conjurations   | 5 |  5.2
Fighting       | |  0.3
Dodging        | |  2.2
Stealth        | |  2.8
Spellcasting   | |  2.9

Action                     |  1- 3 |  4- 6 || total
---------------------------+-------+-------++-------
  Melee: Spear             |     5 |       ||     5
         Constrict         |     2 |     4 ||     6
         Short sword       |     3 |       ||     3
         Tentacles         |     1 |     3 ||     4
         Quarterstaff      |       |    24 ||    24
   Fire: Sling             |     1 |       ||     1
   Cast: Magic Dart        |    56 |    76 ||   132
    Use: Scroll            |     1 |     3 ||     4
 Armour: Skin              |       |     3 ||     3
  Dodge: Dodged            |    12 |    28 ||    40

Table legend: (Time is in decaauts)
 A = Elapsed time spent in this place.
 B = Non-inter-level travel time spent in this place.
 C = Inter-level travel time spent in this place.
 D = Time resting spent in this place.
 E = Time spent auto-exploring this place.
 F = Levels seen in this place.
 G = Mean time per level.
                   A        B        C        D        E       F      G
               +--------+--------+--------+--------+--------+-----+--------+
         Total |   2798 |   2798 |      0 |   1041 |      0 |   4 |  699.5 |
       Dungeon |   2356 |   2356 |      0 |    798 |      0 |   3 |  785.3 |
         Sewer |    441 |    441 |      0 |    243 |      0 |   1 |  441.0 |
               +--------+--------+--------+--------+--------+-----+--------+

Top non-repeatable levels by time:
     D:1: 1175 daAuts
     D:2: 1086 daAuts
   Sewer: 441 daAuts
     D:3: 95 daAuts
